 Dungeon Crawl Stone Soup version 0.30-a0-424-g7412bad402 (webtiles) character file.

Game seed: 13670863604206111858

5951 mitko27butlikefrench the Blocker (level 10, 0/73 HPs)
             Began as an Octopode Earth Elementalist on Dec 9, 2022.
             Was an Initiate of Ashenzari.
             Slain by a killer bee (6 damage)
             ... on level 10 of the Dungeon.
             The game lasted 01:02:00 (13829 turns).

mitko27butlikefrench the Blocker (OpEE)            Turns: 13829, Time: 01:02:01

Health: 0/73       AC:  7    Str:  8    XL:     10   Next: 84%
Magic:  14/14      EV: 12    Int: 18    God:    Ashenzari [......]
Gold:   291        SH: 11    Dex: 16    Spells: 7/15 levels left

rFire   . . .      SeeInvis .    f - +0 short sword
rCold   . . .      Faith    .    z - +0 kite shield
rNeg    . . .      Spirit   .    q - +2 hat
rPois   .          Reflect  .    y - amulet of the Tethered Prison {Regen+, Bglg, Alch} (curse)
rElec   .          Harm     .    g - +4 ring of slaying
rCorr   .          Rampage  .    B - +4 ring of protection
Will    .....                    (no ring)
Stlth   ++++......               (no ring)
HPRegen 1.12/turn                (no ring)
MPRegen 0.14/turn                (no ring)
                                 (no ring)
                                 (no ring)

@: lethally poisoned (0 -> -1)
A: almost no armour, amphibious, 8 rings, camouflage 1, gelatinous body 1,
nimble swimmer 1, tentacles
a: Renounce Religion, Shatter the Chains


You were on level 10 of the Dungeon.
You worshipped Ashenzari.
Ashenzari was noncommittal.
You visited 2 branches of the dungeon, and saw 11 of its levels.

You collected 518 gold pieces.
You spent 227 gold pieces at shops.

Inventory:

Hand Weapons
 f - a +0 short sword (weapon)
Missiles
 e - 76 stones
 n - 4 atropa-tipped darts (quivered)
 u - 7 boomerangs
 v - a throwing net
 w - 19 poisoned darts
Armour
 q - a +2 hat (worn)
 z - a +0 kite shield (worn)
Jewellery
 g - a +4 ring of slaying (left tentacle)
 y - the cursed amulet of the Tethered Prison (around mantle) {Regen+, Bglg, Alch}
   (You found it on level 5 of the Dungeon)

   [amulet of regeneration]

   Regen:     It increases your rate of health regeneration.
   It has a curse which improves the following skills: Beguiling: Conjurations,
   Hexes and Translocations.
   Alchemy:   Poison Magic and Transmutations.
 B - a +4 ring of protection (right tentacle)
Wands
 c - a wand of acid (16)
 I - a wand of iceblast (2)
Scrolls
 b - 2 scrolls of blinking
 d - a scroll of silence
 h - a scroll of torment
 i - 2 scrolls of enchant armour
 j - a scroll of immolation
 l - 2 scrolls of teleportation
 p - 2 scrolls of vulnerability
 t - 2 scrolls of poison
 x - 2 scrolls of enchant weapon
 A - a scroll of noise
 D - a scroll of magic mapping
 F - a scroll of summoning {unknown}
Potions
 a - 2 potions of magic
 k - a potion of cancellation
 m - a potion of might
 o - 2 potions of lignification
 r - a potion of haste
 s - a potion of attraction
 E - a potion of mutation
 G - 2 potions of ambrosia
 H - a potion of brilliance {unknown}


   Skills:
 + Level 8.4 Fighting
 + Level 7.3 Short Blades
 - Level 2.0 Dodging
 - Level 3.0 Stealth
 * Level 8.5 Shields
 - Level 3.0 Spellcasting
 - Level 2.0(2.3) Conjurations
 - Level 4.0(4.4) Translocations
 - Level 3.0(3.3) Transmutations
 - Level 5.0 Earth Magic


You had 7 spell levels left.
You knew the following spells:

 Your Spells              Type           Power      Damage    Failure   Level
a - Sandblast             Erth           40%        2d10      4%          1
b - Passwall              Tmut/Erth      14%        N/A       11%         2
c - Blink                 Tloc           36%        N/A       10%         2
d - Stone Arrow           Conj/Erth      30%        3d8       26%         3

Your spell library contained the following spells:

 Spells                   Type           Power      Damage    Failure   Level
 Momentum Strike          Conj/Tloc      28%        3d8       16%         2
 Lesser Beckoning         Tloc           36%        N/A       21%         3
 Necrotise                Necr           8%         1d4       36%         1
 Slow                     Hex            8%         N/A       36%         1
 Summon Small Mammal      Summ           8%         N/A       36%         1
 Passage of Golubria      Tloc           18%        N/A       54%         4
 Petrify                  Tmut/Erth      17%        N/A       56%         4
 Call Canine Familiar     Summ           2%         N/A       75%         3
 Confusing Touch          Hex            2%         N/A       75%         3
 Summon Guardian Golem    Hex/Summ       2%         N/A       75%         3
 Tukima's Dance           Hex            2%         N/A       75%         3
 Vampiric Draining        Necr           2%         2d6       75%         3
 Yara's Violent Unravell  Hex/Tmut       4%         3d4       99%         5
 Agony                    Necr           2%         N/A       100%        5


Dungeon Overview and Level Annotations

Branches:
Dungeon (10/15)            Temple (1/1) D:7
   Lair: D:8-11         Orc: D:9-12

Altars:
Ashenzari
Cheibriados
Dithmenos
Elyvilon
Fedhas
Gozag
Hepliaklqana
Kikubaaqudgha
Makhleb
Nemelex Xobeh
Okawaru
Qazlal
Ru
Sif Muna
Trog
Uskayaw
Vehumet
Wu Jian
Xom
Yredelemnul
Zin
The Shining One

Shops:
D:6 ?   D:9 [

Annotations:
D:5 1 runed translucent door, Crazy Yiuf
D:10 exclusion: door


Innate Abilities, Weirdness & Mutations

You cannot wear most types of armour.
You are amphibious.
You can wear up to eight rings at the same time.
Your skin changes colour to match your surroundings (Stealth+).
Your rubbery body absorbs attacks. (AC +1, EV +1)
You are camouflaged when in or above water. (Stealth+)
You have tentacles for arms and can constrict up to eight enemies at once.


Message History

The electric eel completely resists.
Okay, then.
Okay, then.
You are confused.
You feel invigorated. The killer bee stings you.
* * * LOW HITPOINT WARNING * * *
The killer bee closely misses you. The killer bee barely misses you.
You are too confused!
Really quaff the potion of lignification?
Okay, then.
You puncture the killer bee! You squeeze the killer bee.
The killer bee is severely wounded.
The killer bee barely misses you. The killer bee stings you.
* * * LOW HITPOINT WARNING * * *
The killer bee stings you.
* * * LOW HITPOINT WARNING * * *
You are poisoned.
The killer bee poisons you!
You feel sick.
Unknown command.
You hit the killer bee.
The killer bee is lightly wounded.
You feel stable enough to blink again.
You feel sick.
The killer bee stings you but does no damage.
The killer bee barely misses you. x2; The killer bee stings you.
* * * LOW HITPOINT WARNING * * *
Unknown command.
Okay, then.
You feel better.
You feel less invigorated. The killer bee stings you.
* * * LOW HITPOINT WARNING * * *
You are poisoned.
The killer bee poisons you! You block the killer bee's attack.
The killer bee stings you but does no damage.
You block the killer bee's attack. The killer bee stings you.
* * * LOW HITPOINT WARNING * * *
The killer bee stings you!
* * * LOW HITPOINT WARNING * * *
The killer bee stings you.
You die...

#.# ####.# #....#
#####.#..###############
.......................
.###~~~~~~~~~~~~#########
....≈≈≈≈~≈≈≈~≈###
....~≈≈yyS≈≈###
....~~yS@≈## ....~~≈yy≈≈#
...>..≈≈#### .####.### #.
#


You could see 5 killer bees and 2 electric eels.

Vanquished Creatures
  Maggie (D:8)
  3 unseen horror zombies (D:9)
  A hornet (D:7)
  Grinder (D:5)
  A shadow (D:9)
  3 yaks
  A wyvern (D:7)
  A steam dragon (D:6)
  Menkaure (D:7)
  A water moccasin (D:6)
  A sky beast (D:8)
  An orc warrior (D:7)
  2 ice beasts (D:8)
  3 black bears
  3 ogres
  2 centaurs (D:8)
  3 phantoms
  2 kobold brigands
  4 bullfrogs
  6 scorpions
  5 wights
  5 killer bees
  2 howler monkeys (D:8)
  A centaur zombie (D:9)
  3 orc priests
  3 hounds
  2 jellies
  3 iguanas
  8 orc wizards
  Robin (D:3)
  3 gnolls (D:6)
  9 adders
  A white imp (D:8)
  2 ufetubi
  A worm (D:2)
  31 orcs
  10 ball pythons
  5 endoplasms
  3 giant cockroaches
  11 goblins
  10 hobgoblins
  6 jackals
  8 quokkas
  6 bats
  3 frilled lizards
  10 kobolds
  4 rats
197 creatures vanquished.

Vanquished Creatures (others)
  A gnoll bouda (D:6)
  2 gnolls (D:6)
  A withered plant (D:9)
4 creatures vanquished.

Grand Total: 201 creatures vanquished

Notes
Turn   | Place    | Note
-------+----------+-------------------------------------------
     0 | D:1      | mitko27butlikefrench the Octopode Earth Elementalist began
                  | the quest for the Orb.
     0 | D:1      | Reached XP level 1. HP: 11/11 MP: 3/3
   183 | D:1      | Reached skill level 1 in Fighting
   183 | D:1      | Reached XP level 2. HP: 18/18 MP: 3/5
   308 | D:1      | Learned a level 2 spell: Passwall
   779 | D:1      | Reached XP level 3. HP: 23/23 MP: 4/6
  1514 | D:2      | Reached skill level 1 in Short Blades
  2952 | D:2      | Reached XP level 4. HP: 29/29 MP: 5/8
  3386 | D:3      | Found a sparkling altar of Nemelex Xobeh.
  3707 | D:3      | Found a sacrificial altar of Ru.
  4642 | D:3      | Noticed Robin
  4694 | D:3      | Killed Robin
  4695 | D:3      | Reached XP level 5. HP: 15/35 MP: 5/9
  5226 | D:3      | Found a snail-covered altar of Cheibriados.
  5229 | D:3      | Found an ornate altar of the Wu Jian Council.
  5254 | D:4      | Noticed a phantom
  5346 | D:4      | Learned a level 2 spell: Blink
  5674 | D:4      | Reached XP level 6. HP: 39/42 MP: 7/10
  6530 | D:4      | Reached skill level 1 in Translocations
  6542 | D:5      | Entered Level 5 of the Dungeon
  6699 | D:5      | Reached XP level 7. HP: 48/48 MP: 8/11
  6732 | D:5      | HP: 2/48 [poisoned by a scorpion]
  7064 | D:5      | Noticed Grinder
  7251 | D:5      | Reached XP level 8. HP: 54/54 MP: 7/12
  7288 | D:5      | Reached skill level 5 in Fighting
  7434 | D:5      | Learned a level 3 spell: Stone Arrow
  7464 | D:5      | Paralysed by Grinder for 2 turns
  7467 | D:5      | Killed Grinder
  7468 | D:5      | Reached skill level 1 in Conjurations
  7535 | D:5      | Found a runed translucent door.
  7536 | D:5      | Noticed Crazy Yiuf
  7618 | D:5      | Reached skill level 5 in Earth Magic
  7791 | D:6      | Found Citz's Magic Scroll Boutique.
  7970 | D:6      | Reached skill level 1 in Shields
  8159 | D:6      | Found a radiant altar of Vehumet.
  8277 | D:6      | Reached XP level 9. HP: 46/62 MP: 10/13
  8374 | D:6      | Bought a scroll of poison for 52 gold pieces
  8374 | D:6      | Bought a scroll of identify for 26 gold pieces
  8374 | D:6      | Bought a scroll of identify for 26 gold pieces
  8374 | D:6      | Bought a scroll of identify for 26 gold pieces
  8374 | D:6      | Bought a scroll of enchant armour for 97 gold pieces
  8970 | D:7      | Noticed Menkaure
  9330 | D:7      | Reached skill level 5 in Short Blades
  9476 | D:7      | Noticed a hornet
  9532 | D:7      | Killed Menkaure
 10151 | D:8      | Reached skill level 5 in Shields
 10280 | D:8      | Noticed a two-headed ogre
 10354 | D:7      | Killed a hornet
 10391 | D:7      | Found a staircase to the Ecumenical Temple.
 10400 | Temple   | Entered the Ecumenical Temple
 10673 | D:8      | Reached XP level 10. HP: 38/71 MP: 12/14
 11097 | D:8      | Noticed Maggie
 11218 | D:8      | Killed Maggie
 12575 | D:9      | Noticed a two-headed ogre
 12599 | D:9      | Found a broken altar of Ashenzari.
 12606 | D:9      | Became a worshipper of Ashenzari the Shackled
 12658 | D:9      | Noticed a two-headed ogre
 12668 | D:9      | Found a stormy altar of Qazlal.
 12696 | D:9      | Found Cared's Armour Emporium.
 12871 | D:9      | Found a blossoming altar of Fedhas.
 13415 | D:10     | Entered Level 10 of the Dungeon
 13829 | D:10     | Slain by a killer bee

Illustrated notes

Levels and vault maps discovered:
D:1:      dpeg_arrival_round_c, layout_basic, hangedman_decor_points
D:2:      minmay_alternating_diamond, layout_loops_ring
D:3:      layout_loops_corners, nicolae_overflow_hidden_temple, uniq_robin
D:4:      layout_basic, nicolae_figureground_pulse
D:5:      layout_loops_cross, kennysheep_small_circle, uniq_grinder,
          uniq_crazy_yiuf_cottage
D:6:      layout_gridville, kennysheep_mini, serial_shops, shop,
          minmay_misc_feat_tower
D:7:      layout_basic, lemuel_temple_firewalk_b, uniq_menkaure
D:8:      layout_basic, grunt_tough_drop, uniq_maggie
D:9:      layout_small_grid, mainiacjoe_overflow_chevrons, ashenzari_altar_1,
          nicolae_qazlal_style_of_elements, serial_undead, serial_undead_e,
          serial_undead_e, serial_undead_b, serial_undead_a, serial_shops,
          nicolae_shop_advertising_works [nicolae_subvault_shop_adworks],
          minmay_fractal_squares_gapless_5
D:10:     layout_basic, lair_entry_dummy, minmay_orc_entry_temple_small
Temple:   compressed_dpeg_circular_temple

Skill      XL: |  1  2  3  4  5  6  7  8  9 10 |
---------------+-------------------------------+-----
Fighting       | 1 2 3 4 6 7 8 |  8.4
Short Blades   | 1 2 3 4 6 7 |  7.3
Spellcasting   | 3 |  3.0
Transmutations | 2 3 |  3.0
Earth Magic    | 4 5 |  5.0
Translocations | 1 3 4 |  4.0
Conjurations   | 2 |  2.0
Shields        | 2 6 8 |  8.5
Stealth        | 3 |  3.0
Dodging        | |  2.0

Action                   |  1- 3 |  4- 6 |  7- 9 | 10-12 || total
-------------------------+-------+-------+-------+-------++-------
Melee: Short sword       |     7 |    51 |   191 |   132 ||   381
       Constrict         |     1 |    12 |    35 |    22 ||    70
       Tentacles         |     1 |    11 |    52 |    47 ||   111
       Punch             |       |     1 |     3 |     3 ||     7
Throw: Stone             |     5 |     7 |     1 |       ||    13
       Dart              |       |     4 |    18 |    19 ||    41
       Boomerang         |       |       |     1 |     5 ||     6
 Cast: Sandblast         |    52 |    68 |    58 |    21 ||   199
       Blink             |       |     1 |     8 |     7 ||    16
       Passwall          |       |       |     7 |     8 ||    15
Invok: Curse Item        |       |       |       |     1 ||     1
Evoke: Wand              |       |       |       |     6 ||     6
  Use: Scroll            |       |       |    17 |     2 ||    19
       Potion            |       |       |     2 |     2 ||     4
 Stab: Sleeping          |       |       |     6 |     3 ||     9
       Invisible         |       |       |     1 |       ||     1
Armor: Skin              |     4 |     1 |    27 |    30 ||    62
Dodge: Dodged            |     8 |    26 |    91 |    76 ||   201
Block: Kite shield       |       |       |    60 |    90 ||   150

Table legend: (Time is in decaauts)
 A = Elapsed time spent in this place.
 B = Non-inter-level travel time spent in this place.
 C = Inter-level travel time spent in this place.
 D = Time resting spent in this place.
 E = Time spent auto-exploring this place.
 F = Levels seen in this place.
 G = Mean time per level.
                   A        B        C        D        E       F      G
               +--------+--------+--------+--------+--------+-----+--------+
         Total |  13901 |  13349 |    552 |   4263 |   4941 |  11 | 1263.7 |
       Dungeon |  13816 |  13278 |    538 |   4263 |   4885 |  10 | 1381.6 |
        Temple |     84 |     70 |     14 |      0 |     56 |   1 |   84.0 |
               +--------+--------+--------+--------+--------+-----+--------+

Top non-repeatable levels by time:
     D:2: 2360 daAuts
     D:8: 2196 daAuts
     D:3: 1971 daAuts
     D:6: 1397 daAuts
     D:4: 1271 daAuts
     D:7: 1258 daAuts
     D:5: 1145 daAuts
     D:1: 1049 daAuts
     D:9: 756 daAuts
    D:10: 410 daAuts
  Temple: 84 daAuts
